Map: Rhoskallia EC

Players

CyanShadow

  • Race: Protoss Protoss
  • Spawn Location: 6:00

SKDAKOI

  • Race: Zerg Zerg
  • Spawn Location: 5:00

Amain

  • Race: Zerg Zerg
  • Spawn Location: 12:00

Sirius

  • Race: Protoss Protoss
  • Spawn Location: 11:00

VOD

Have the link to the VOD?

Description

vaisseaux + traqueurs

Time

  • Played on: Sept. 19, 2022, 2:01 p.m.
  • Length: 8:54
Show
View Real Time Build Order
Export as new Build Order

CyanShadow Protoss 

Build Orders:  

Get SALT Encoding   

  12  0:12  Pylon  
  12  0:19  Probe  
  13  0:32  Gateway  
  13  0:40  Assimilator  
  13  0:42  Probe  
  14  1:13  Assimilator  
  14  1:23  Cybernetics Core  
  14  1:27  Zealot (Chrono Boost)  
  16  1:37  Probe (Chrono Boost)  
  17  1:47  Zealot (Chrono Boost)  
  18  1:48  Probe (Chrono Boost)  
  18  1:52  Probe (Chrono Boost)  
  20  1:57  Pylon  
  21  2:03  Probe  
  22  2:10  Stargate  
  22  2:15  Probe  
  23  2:28  Probe  
  28  3:00  Void Ray  
  28  3:05  Probe, Stargate  
  29  3:17  Probe  
  30  3:25  Protoss Air Weapons Level 1  
  30  3:29  Probe  
  31  3:43  Nexus  
  27  4:31  Adept  
  29  4:42  Pylon  
  29  4:54  Probe  
  29  4:58  Probe  
  39  5:00  Void Ray x2  
  39  5:01  Adept  
  39  5:06  Probe  
  42  5:10  Probe  
  43  5:19  Probe  
  44  5:31  Adept  
  46  5:56  Void Ray x2  
  54  5:59  Fleet Beacon  
  54  6:04  Assimilator  
  54  6:08  Assimilator  
  54  6:12  Pylon  
  54  6:22  Pylon  
  54  6:30  Probe (Chrono Boost)  
  56  6:34  Probe (Chrono Boost)  
  57  6:41  Probe (Chrono Boost)  
  57  6:44  Probe (Chrono Boost), Carrier  
  57  6:45  Probe (Chrono Boost)  
  65  6:56  Probe  
  66  7:14  Pylon  
  66  7:16  Pylon  
  66  7:32  Carrier  
  52  8:14  Stalker  
  54  8:26  Gateway  
  54  8:30  Gateway  
Show
View Real Time Build Order
Export as new Build Order

SKDAKOI Zerg 

Build Orders: Pool First 

Get SALT Encoding   

  12  0:02  Drone  
  13  0:13  Drone  
  14  0:18  Overlord  
  14  0:38  Spawning Pool  
  14  0:40  Drone  
  14  0:59  Drone  
  14  1:00  Drone x2  
  17  1:23  Extractor  
  16  1:26  Zergling x4  
  18  1:33  Drone  
  18  1:36  Queen  
  21  1:43  Overlord  
  21  2:20  Hatchery  
  20  2:29  Zergling x2  
  22  2:30  Zergling x4  
  22  2:37  Hatchery  
  20  3:17  Zergling x6  
  23  3:51  Extractor  
  18  4:00  Zergling x6  
  18  4:01  Zergling x2  
  20  4:06  Drone  
  21  4:12  Queen  
  23  4:17  Zergling x4  
  23  4:18  Zergling x2  
  26  4:57  Drone x3  
  24  5:20  Drone x3  
  22  5:42  Zergling x6  
  25  5:52  Baneling Nest  
  25  5:56  Overlord  
  24  6:03  Drone  
  24  6:04  Drone x2  
  27  6:05  Queen  
  29  6:34  Lair  
  29  6:38  Drone x3  
  32  6:51  Zergling x4  
  32  6:52  Zergling x2  
  25  7:03  Drone x2  
  27  7:29  Metabolic Boost  
  27  7:40  Spire  
  26  7:46  Infestation Pit  
  24  7:53  Hydralisk Den  
  15  8:06  Queen  
  17  8:23  Hydralisk x3  
  23  8:30  Drone x2  
  23  8:31  Drone  
Show
View Real Time Build Order
Export as new Build Order

Amain Zerg 

Build Orders: Hatch First 

Get SALT Encoding   

  12  0:02  Drone  
  13  0:09  Drone  
  14  0:19  Overlord  
  14  0:38  Drone x3  
  17  0:57  Drone  
  17  0:59  Hatchery  
  17  1:13  Spawning Pool  
  17  1:15  Extractor  
  17  1:16  Drone  
  16  1:24  Overlord  
  16  1:28  Drone  
  17  1:41  Drone  
  17  1:42  Extractor  
  17  1:45  Drone  
  18  1:55  Drone  
  18  2:00  Queen  
  21  2:05  Drone  
  22  2:14  Metabolic Boost  
  22  2:16  Zergling x2  
  22  2:19  Zergling x2  
  24  2:25  Zergling x2  
  25  2:30  Zergling x2  
  26  2:58  Drone x3  
  27  2:59  Queen  
  27  3:02  Lair  
  27  3:04  Drone x2  
  33  3:08  Overlord  
  33  3:20  Drone, Baneling Nest  
  33  3:42  Drone  
  33  3:43  Drone x5  
  39  4:04  Zergling x6  
  39  4:05  Zergling x2  
  43  4:10  Drone  
  43  4:12  Centrifugal Hooks  
  44  4:17  Hydralisk Den  
  43  4:32  Drone x2, Extractor x2  
  43  4:33  Drone, Overlord x2  
  41  4:42  Baneling x2  
  41  4:44  Drone x3  
  40  5:52  Drone  
  40  5:53  Drone x8, Spore Crawler  
  40  5:56  Overseer  
  48  6:00  Muscular Augments  
  48  6:05  Overlord  
  48  6:07  Hydralisk  
  50  6:19  Overseer  
  50  6:20  Drone  
  50  6:22  Hydralisk x4  
  59  6:26  Overlord  
  59  6:30  Zergling x6  
  62  6:38  Infestation Pit  
  61  6:43  Lurker Den  
  61  6:44  Drone  
  61  6:45  Drone x2  
  63  6:51  Drone x4, Evolution Chamber  
  63  6:53  Evolution Chamber  
  65  6:56  Baneling  
  65  6:57  Baneling x5  
  65  7:11  Spore Crawler, Grooved Spines  
  65  7:12  Spore Crawler  
  65  7:15  Hive, Spore Crawler  
  62  7:27  Hydralisk x2  
  62  7:28  Hydralisk  
  68  7:31  Overlord x5  
  68  7:38  Pneumatized Carapace  
  65  8:09  Zergling x2  
  66  8:13  Hydralisk  
  66  8:14  Hydralisk x10  
  88  8:27  Drone  
  88  8:29  Drone x2  
  93  8:36  Baneling  
  93  8:44  Hatchery  
Show
View Real Time Build Order
Export as new Build Order

Sirius Protoss 

Build Orders:  

Get SALT Encoding   

  12  0:00  Probe  
  13  0:13  Probe  
  14  0:18  Pylon  
  14  0:25  Probe  
  15  0:37  Probe (Chrono Boost)  
  16  0:46  Probe (Chrono Boost)  
  17  0:51  Probe (Chrono Boost)  
  18  1:03  Probe  
  19  1:07  Nexus  
  19  1:15  Probe  
  20  1:20  Gateway  
  20  1:27  Probe  
  20  1:30  Assimilator  
  21  1:33  Assimilator  
  21  1:39  Probe  
  22  1:43  Pylon  
  22  1:51  Probe  
  23  2:04  Probe  
  23  2:08  Cybernetics Core  
  24  2:16  Probe  
  24  2:17  Forge  
  25  2:25  Zealot (Chrono Boost)  
  25  2:28  Probe  
  28  2:47  Pylon  
  28  2:57  Probe (Chrono Boost)  
  28  2:58  Probe (Chrono Boost)  
  30  3:08  Probe x2 (Chrono Boost)  
  30  3:12  Probe x2 (Chrono Boost)  
  32  3:14  Protoss Shields Level 1  
  32  3:15  Stargate  
  34  3:22  Protoss Air Weapons Level 1 (Chrono Boost)  
  34  3:24  Probe x2 (Chrono Boost), Assimilator  
  34  3:26  Assimilator  
  38  3:34  Probe (Chrono Boost)  
  38  3:35  Probe (Chrono Boost)  
  38  3:39  Probe x2 (Chrono Boost)  
  40  3:43  Pylon  
  40  3:46  Pylon  
  40  3:50  Probe x2  
  42  4:04  Probe x2  
  44  4:13  Phoenix (Chrono Boost)  
  44  4:16  Probe x2  
  46  4:25  Fleet Beacon  
  46  4:27  Pylon  
  46  4:28  Probe  
  47  4:33  Probe  
  47  4:34  Pylon  
  48  4:40  Probe  
  48  4:42  Phoenix  
  48  4:45  Probe  
  52  4:52  Probe  
  53  4:53  Nexus  
  53  4:57  Probe  
  54  5:04  Probe  
  55  5:07  Phoenix  
  55  5:09  Anion Pulse-Crystals  
  55  5:14  Probe  
  58  5:16  Protoss Air Weapons Level 2 (Chrono Boost)  
  58  5:25  Probe  
  58  5:26  Probe  
  60  5:32  Phoenix (Chrono Boost)  
  62  5:37  Probe  
  62  5:38  Probe  
  64  5:45  Twilight Council  
  64  5:47  Assimilator  
  64  5:49  Probe  
  65  5:50  Probe, Phoenix (Chrono Boost)  
  65  5:51  Assimilator  
  65  5:56  Stargate  
  68  5:58  Pylon  
  68  5:59  Pylon  
  68  6:00  Pylon  
  68  6:01  Probe  
  68  6:02  Probe  
  70  6:13  Probe  
  70  6:14  Probe, Phoenix  
  74  6:20  Protoss Shields Level 2 (Chrono Boost)  
  74  6:32  Probe x3  
  77  6:39  Phoenix  
  79  6:43  Nexus  
  79  6:44  Probe  
  79  6:45  Phoenix  
  82  6:47  Assimilator  
  82  6:51  Assimilator  
  82  7:04  Phoenix  
  84  7:10  Phoenix  
  87  7:22  Probe  
  87  7:23  Probe x2  
  87  7:29  Phoenix  
  91  7:35  Phoenix  
  93  7:54  Phoenix (Chrono Boost)  
  93  7:55  Probe x3  
  93  7:56  Probe  
  97  8:00  Phoenix (Chrono Boost)  
  99  8:07  Probe x2  
  99  8:08  Probe x2  
  103  8:16  Phoenix (Chrono Boost)  
  105  8:21  Stargate  
  105  8:23  Stargate  
  105  8:26  Stargate  
  105  8:31  Pylon  
  105  8:36  Stargate  
  105  8:37  Stargate  
Tags
 
Add a new tag
Caveats
  • Supply blocks, unpowered buildings, or Contaminate may cause inaccurate times.
  • Supply counts are checked every 10 seconds.